Map: Ascension to Aiur LE

Players

noobling - Winner!

  • Race: Zerg Zerg
  • League: Diamond
  • Spawn Location: 5:00

A.I. 1 (Hard)

  • Race: Protoss Protoss
  • Spawn Location: 11:00

VOD

Have the link to the VOD?

Description

Time

  • Played on: Oct. 22, 2017, 1:37 p.m.
  • Length: 8:43
Show
View Real Time Build Order
Export as new Build Order

noobling Zerg - Winner!

Build Orders: Hatch First 

Get SALT Encoding   

  12  0:01  Drone  
  13  0:12  Overlord  
  13  0:18  Drone  
  14  0:32  Drone x2  
  16  0:36  Drone  
  17  0:56  Hatchery  
  16  1:01  Drone  
  16  1:02  Drone  
  18  1:07  Drone  
  18  1:11  Extractor  
  18  1:18  Spawning Pool  
  18  1:22  Drone  
  18  1:28  Drone  
  19  1:48  Overlord  
  19  1:54  Overlord  
  19  2:07  Queen  
  19  2:08  Queen  
  23  2:09  Zergling x4  
  23  2:14  Metabolic Boost  
  25  2:21  Drone x2  
  27  2:23  Drone  
  28  2:30  Drone  
  28  2:34  Drone  
  30  2:52  Hatchery, Drone x2  
  31  3:02  Drone x3  
  34  3:09  Baneling Nest  
  34  3:12  Lair  
  33  3:27  Queen  
  33  3:29  Drone x4  
  33  3:33  Overlord  
  39  3:38  Overlord  
  39  3:51  Zergling x4  
  39  3:55  Drone x4  
  45  3:58  Spore Crawler  
  45  4:02  Spore Crawler  
  43  4:03  Drone  
  43  4:05  Drone  
  43  4:08  Drone  
  46  4:13  Extractor x2  
  46  4:15  Drone  
  45  4:17  Drone x3  
  45  4:18  Drone  
  45  4:19  Drone  
  45  4:21  Drone  
  45  4:22  Extractor  
  50  4:26  Hydralisk Den  
  50  4:28  Baneling x2  
  50  4:29  Baneling x2  
  49  4:41  Drone x3  
  49  4:42  Drone x4  
  49  4:45  Drone  
  57  4:51  Centrifical Hooks  
  57  5:00  Drone x3  
  57  5:01  Overlord  
  57  5:06  Muscular Augments  
  59  5:12  Overseer  
  59  5:18  Drone  
  59  5:19  Drone x3  
  59  5:20  Drone  
  64  5:25  Overlord x3  
  64  5:37  Hydralisk x2  
  64  5:38  Hydralisk x2  
  72  5:45  Overlord x2  
  72  5:48  Hydralisk x3  
  78  5:58  Hydralisk x3  
  78  6:02  Hydralisk  
  86  6:05  Overlord x3  
  86  6:08  Hydralisk  
  86  6:10  Hydralisk  
  90  6:20  Zergling x14  
  90  6:24  Hydralisk x2  
  101  6:32  Hydralisk x3  
  101  6:37  Hydralisk  
  103  6:45  Zergling x4  
  103  6:46  Zergling x8  
  109  6:53  Spore Crawler, Drone  
  109  6:55  Drone  
  109  6:58  Hydralisk x2  
  109  6:59  Hydralisk x3  
  120  7:05  Baneling  
  120  7:06  Baneling  
  120  7:11  Drone x4  
  120  7:13  Extractor  
  120  7:14  Extractor  
  122  7:24  Zergling x14  
  122  7:26  Hatchery  
  125  7:39  Zergling x6  
  125  7:42  Overlord x4  
  128  7:48  Overlord  
  128  7:54  Baneling x5  
  128  7:55  Baneling x13  
  127  8:02  Zergling x14  
  134  8:10  Drone x3  
  137  8:18  Drone x4  
  137  8:19  Drone x3  
  147  8:30  Overseer  
Show
View Real Time Build Order
Export as new Build Order

A.I. 1 (Hard) Protoss 

Build Orders:  

Get SALT Encoding   

  12  0:01  Probe (Chrono Boost)  
  13  0:11  Probe (Chrono Boost)  
  14  0:19  Pylon  
  14  0:22  Probe (Chrono Boost)  
  15  0:38  Probe (Chrono Boost)  
  16  0:47  Assimilator  
  16  0:48  Probe (Chrono Boost)  
  17  0:51  Gateway  
  17  0:59  Probe (Chrono Boost)  
  17  1:01  Pylon  
  18  1:09  Probe (Chrono Boost)  
  19  1:21  Probe (Chrono Boost)  
  20  1:36  Zealot  
  22  1:41  Cybernetics Core  
  22  1:45  Gateway  
  22  1:46  Assimilator  
  22  2:02  Pylon  
  22  2:18  Adept, Warp Gate  
  24  2:30  Zealot  
  26  2:40  Pylon  
  26  2:43  Adept  
  28  2:56  Adept  
  30  3:09  Adept  
  32  3:17  Pylon  
  33  3:21  Probe (Chrono Boost)  
  33  3:23  Adept  
  35  3:32  Probe (Chrono Boost)  
  36  3:36  Adept  
  36  3:39  Forge  
  38  3:44  Probe (Chrono Boost)  
  39  3:49  Adept  
  42  3:56  Probe (Chrono Boost)  
  42  4:01  Adept  
  42  4:07  Probe (Chrono Boost)  
  45  4:13  Stalker  
  47  4:18  Probe (Chrono Boost)  
  48  5:50  Protoss Ground Weapons Level 1  
  48  5:54  Stalker  
  48  5:56  Gateway  
  50  5:59  Pylon  
  50  6:00  Nexus, Photon Cannon  
  50  6:02  Photon Cannon  
  50  6:04  Stalker  
  52  6:05  Robotics Facility  
  52  6:09  Stargate  
  52  6:16  Zealot  
  54  6:21  Pylon  
  54  6:26  Stalker  
  56  6:34  Twilight Council  
  56  6:36  Stalker  
  36  6:49  Zealot  
  36  6:52  Observer  
  39  6:58  Zealot  
  41  7:07  Adept  
  43  7:12  Observer  
  43  7:15  Forge, Probe (Chrono Boost)  
  45  7:17  Adept, Probe (Chrono Boost)  
  48  7:26  Sentry, Probe (Chrono Boost)  
  35  7:35  Zealot  
  35  7:39  Zealot  
  25  7:45  Probe (Chrono Boost)  
  25  7:47  Zealot  
  25  7:57  Sentry, Probe (Chrono Boost)  
  20  8:08  Probe (Chrono Boost)  
  20  8:20  Probe (Chrono Boost)  
Tags
 
Add a new tag
Caveats
  • Supply blocks, unpowered buildings, or Contaminate may cause inaccurate times.
  • Supply counts are checked every 10 seconds.